 Dungeon Crawl Stone Soup version 0.16.1-51-g6203257 (webtiles) character file.

405 tognito the Skirmisher (level 6, -3/84 HPs)
             Began as a Minotaur Berserker on Aug 2, 2015.
             Was an Elder of Trog.
             Slain by a gnoll
             ... wielding a +0 spear
              (7 damage)
             ... on level 4 of the Dungeon.
             The game lasted 00:09:51 (2524 turns).

tognito the Skirmisher (Minotaur Berserker)         Turns: 2524, Time: 00:09:51

Health: -3/84      AC:  5    Str: 28    XL:     6   Next: 56%
Magic:  3/3        EV: 12    Int:  4    God:    Trog [****..]
Gold:   84         SH:  0    Dex: 10    Spells: 0 memorised, 5 levels left

rFire  . . .     SeeInvis .     a - +0 hand axe
rCold  . . .     Clarity  .     d - +0 ring mail
rNeg   . . .     SustAb   .     (no shield)
rPois  .         Gourm    .     (helmet restricted)
rElec  .         Spirit   .     (no cloak)
rCorr  +         Warding  .     (no gloves)
rMut   .         Stasis   .     (no boots)
MR     .....                    r - amulet of resist corrosion
Stlth  ..........               (no ring)
                                m - ring of stealth

@: berserking (expiring), very quick, not resistant to hostile enchantments,
extremely unstealthy
A: retaliatory headbutt, horns 2
a: Burn Spellbooks, Berserk, Trog's Hand, Brothers in Arms, Renounce Religion


You were on level 4 of the Dungeon.
You worshipped Trog.
Trog was greatly pleased with you.
You were hungry.

You visited 1 branch of the dungeon, and saw 4 of its levels.

You collected 84 gold pieces.

Inventory:

Hand weapons
 a - a +0 hand axe (weapon)
 b - a +0 hunting sling
Missiles
 e - 61 arrows
 g - 14 arrows of frost
 j - a sling bullet
 p - 6 tomahawks (quivered)
 A - 20 bolts
Armour
 d - a +0 ring mail (worn)
 q - a +0 animal skin
 s - a cursed +0 ring mail
 w - a +0 ring mail
Jewellery
 m - a ring of stealth (left hand)
 r - an amulet of resist corrosion (around neck)
 y - an uncursed amulet of stasis
Magical devices
 u - a wand of teleportation (4)
Scrolls
 h - 3 scrolls of immolation {unknown}
 i - 5 scrolls of identify {unknown}
 l - a scroll of enchant armour {unknown}
 n - 4 scrolls of remove curse {unknown}
 o - a scroll of recharging {unknown}
 v - a scroll of blinking {unknown}
 z - a scroll of teleportation {unknown}
 B - a scroll of noise {unknown}
 D - a scroll of random uselessness {unknown}
Potions
 k - 2 potions of restore abilities
Comestibles
 c - 3 bread rations
 t - a beef jerky
 x - 2 meat rations
 C - a chunk of flesh


   Skills:
 * Level 5.5 Fighting
 + Level 4.8 Axes
 + Level 3.5 Slings
 + Level 3.8 Armour
 + Level 3.6 Dodging
 + Level 0.6 Stealth


You had 5 spell levels left.
You didn't know any spells.

Dungeon Overview and Level Annotations

Branches:
Dungeon (4/15)
 Temple: D:4-7

Altars:
Cheibriados
Okawaru

Shops:
D:4 ?


Innate Abilities, Weirdness & Mutations

You reflexively headbutt those who attack you in melee.
You have a pair of horns on your head.


Message History

a dagger; a robe; an orc corpse You slash the gnoll!
You headbutt the gnoll.
You kill the gnoll!
Trog accepts your kill.
You barely miss the orc. You headbutt the orc!
You kill the orc!
Trog accepts your kill.
The gnoll hits you from afar with a spear.
* * * LOW HITPOINT WARNING * * *
You slash the gnoll! You headbutt the gnoll!
You kill the gnoll!
Trog accepts your kill. The gnoll hits you but does no damage.
The orc priest hits you with a dagger.
* * * LOW HITPOINT WARNING * * *
Items here: ))) [ †† You slash the orc priest!
The orc priest is heavily wounded.
You closely miss the gnoll. The gnoll hits you with a spear!
You die...

#........### ..
#..........# ..#.
##.........## ##.#.#
#..........# #......
#.#.####...# #......
...#.##.....#
#......#######.##.##..#
#......g## #.##.##..##
#......@)## #.......>..
#.....o#).####..........
#####.##................
#. #.####..#........ #
#.# ####........ >.#
#∩....... #### #........
#########


You could see an orc priest and a gnoll.

Vanquished Creatures
  Sigmund (D:2)
  A scorpion (D:3)
  An orc wizard (D:4)
  A worker ant (D:4)
  A hound skeleton (D:3)
  Robin (D:2)
  3 gnolls (D:4)
  7 adders
  A giant mite (D:3)
  5 worms (D:2)
  A giant gecko (D:1)
  An ooze (D:1)
  An orc (D:4)
  3 giant cockroaches
  4 hobgoblins (D:2)
  12 jackals
  A ball python (D:2)
  5 bats
  4 giant newts
  17 goblins
  11 kobolds
  A quokka (D:4)
  7 rats
90 creatures vanquished.

Notes
Turn   | Place    | Note
--------------------------------------------------------------
     0 | D:1      | tognito, the Minotaur Berserker, began the quest for the Orb.
     0 | D:1      | Reached XP level 1. HP: 19/19 MP: 1/1
   203 | D:1      | Reached skill level 4 in Fighting
   290 | D:1      | Reached XP level 2. HP: 24/27 MP: 1/1
   318 | D:1      | Acquired Trog's second power
   853 | D:2      | Reached XP level 3. HP: 34/34 MP: 2/2
  1072 | D:2      | Reached skill level 1 in Slings
  1109 | D:2      | Reached XP level 4. HP: 31/41 MP: 2/2
  1240 | D:2      | Found an iron altar of Okawaru.
  1261 | D:2      | Noticed Sigmund
  1275 | D:2      | Killed Sigmund
  1275 | D:2      | Reached skill level 5 in Fighting
  1275 | D:2      | Reached XP level 5. HP: 16/48 MP: 2/2
  1563 | D:2      | Noticed Robin
  1582 | D:2      | Killed Robin
  1762 | D:3      | Found a snail-covered altar of Cheibriados.
  1799 | D:3      | Reached XP level 6. HP: 32/56 MP: 3/3
  2487 | D:4      | Found Ipimn's Magic Scroll Shop.
  2518 | D:4      | Acquired Trog's third power
  2523 | D:4      | HP: 4/84 [orc priest/dagger (3)]
  2524 | D:4      | Slain by a gnoll

Action                   |  1- 3 |  4- 6 || total
-------------------------+-------+-------++-------
Melee: Hand axe          |    61 |    84 ||   145
 Fire: Hunting sling     |    37 |    66 ||   103
Throw: Tomahawk          |       |     2 ||     2
Invok: Berserk           |       |     1 ||     1
  Use: Potion            |     5 |     4 ||     9
 Stab: Invisible         |       |     1 ||     1
  Eat: Chunk             |     1 |     4 ||     5
